 Dungeon Crawl Stone Soup version 0.31-a0-971-g75a2e9a4b4 (webtiles) character file.

Game seed: 3466703039861001437

129364 Gladio the Bludgeoner (level 16, -1/148 HPs)
             Began as an Armataur Fighter on Oct 27, 2023.
             Was the Champion of the Shining One.
             Succumbed to a death drake's dark miasma
             ... on level 4 of the Swamp on Oct 28, 2023.
             The game lasted 01:13:46 (35314 turns).

Gladio the Bludgeoner (Armataur Fighter)           Turns: 35314, Time: 01:13:47

Health: -1/148     AC: 33    Str: 34    XL:     16   Next: 50%
Magic:  5/24       EV:  5    Int: 15    God:    the Shining One [******]
Gold:   1214       SH: 17    Dex: 10    Spells: 15/15 levels left

rFire   . . .        o - +8 eveningstar (venom)
rCold   + . .        y - +0 tower shield
rNeg    + + +        S - +4 scale mail of Baldness {Will+}
rPois   +            h - +0 helmet
rElec   .            m - +0 cloak {rCorr}
rCorr   +            Q - +2 pair of gloves
SInv    .            P - +1 barding {rC+}
Will    ++...        x - amulet of Music {RegenMP rPois Int+5} Stlth
                     A - +6 ring of strength
HPRegen 0.44/turn    T - +4 ring of protection
MPRegen 0.59/turn

%: roll
@: lethally poisoned (-1 -> -7), slowed, glowing, very slow
A: large, rugged brown scales 3, deformed body, armoured tail, roll, long
tongue, awkward tongue, subdued magic 1
a: Renounce Religion, Divine Shield, Cleansing Flame, Summon Divine Warrior,
Brand Weapon With Holy Wrath


You were on level 4 of the Swamp.
You worshipped the Shining One.
The Shining One was exalted by your worship.
You visited 4 branches of the dungeon, and saw 26 of its levels.
You also visited: Ossuary, Gauntlet and Ice Cave.

You collected 3348 gold pieces.
You spent 2134 gold pieces at shops.

Inventory:

Hand Weapons
 o - a +8 eveningstar of venom (weapon)
Missiles
 i - 7 silver javelins (quivered)
 t - 11 javelins
 v - 3 throwing nets
 E - 12 boomerangs
Armour
 h - a +0 helmet (worn)
 m - a +0 cloak of preservation (worn)
 y - a +0 tower shield (worn)
 P - a +1 barding of cold resistance (worn)
 Q - a +2 pair of gloves (worn)
 S - the +4 scale mail of Baldness (worn) {Will+}
   (You found it on level 1 of the Lair of Beasts)

   Will+:     It increases your willpower.
Jewellery
 a - a ring of ice
 s - a ring of poison resistance
 x - the amulet of Music (around neck) {RegenMP rPois Int+5}
   (You found it in a Gauntlet)

   [amulet of magic regeneration]

   RegenMP:   It increases your rate of magic regeneration.
   Int+5:     It affects your intelligence (+5).
   rPois:     It protects you from poison
 A - a +6 ring of strength (left hand)
 G - the ring of Keovuu {rPois rCorr Str-5 Int+6}
   (You found it in a Gauntlet)

   [ring of intelligence]

   Str-5:     It affects your strength (-5).
   Int+6:     It affects your intelligence (+6).
   rPois:     It protects you from poison rCorr: It protects you from acid and
   corrosion.
 K - an amulet of reflection
 L - the ring of Kaittuuc {+Blink Fly AC+4 Str-5 Int+2}
   (You found it in a Gauntlet)

   [ring of protection]

   AC+4:      It affects your AC (+4).
   Str-5:     It affects your strength (-5).
   Int+2:     It affects your intelligence (+2).
   Fly:       It grants you flight.
   +Blink:    It lets you blink.
 M - a ring of fire
 O - a +6 ring of dexterity
 T - a +4 ring of protection (right hand)
Wands
 w - a wand of paralysis (25)
 C - a wand of flame (28)
 F - a wand of roots (27)
 J - a wand of mindburst (16)
 R - a wand of digging (6)
 X - a wand of light (18)
Scrolls
 b - 3 scrolls of identify
 j - 3 scrolls of immolation
 k - 3 scrolls of amnesia
 l - 7 scrolls of teleportation
 p - 3 scrolls of torment
 r - 2 scrolls of fog
 u - 2 scrolls of revelation
 D - 2 scrolls of enchant armour
 H - 3 scrolls of vulnerability
 W - a scroll of butterflies
 Y - a scroll of poison
 Z - 3 scrolls of fear
Potions
 c - a potion of ambrosia
 d - 8 potions of might
 e - 5 potions of curing
 f - 9 potions of enlightenment
 g - 2 potions of resistance
 n - 4 potions of invisibility
 q - 4 potions of haste
 z - 2 potions of attraction
 B - a potion of cancellation
 I - 4 potions of lignification
 N - 4 potions of brilliance
 U - a potion of heal wounds
 V - 2 potions of mutation


   Skills:
 + Level 12.2 Fighting
 * Level 16.5 Maces & Flails
 + Level 15.6 Armour
 + Level 14.0 Shields
 + Level 11.7 Invocations


You had 15 spell levels left.
You didn't know any spells.
Your spell library contained the following spells:

 Spells                   Type           Power      Damage    Failure   Level
 Kiss of Death            Conj/Necr      0%         2d5       61%         1
 Magic Dart               Conj           0%         1d3       61%         1
 Poisonous Vapours        Pois/Air       0%         N/A       75%         2
 Searing Ray              Conj           0%         2d4       75%         2
 Wereblood                Tmut           0%         N/A       75%         2
 Call Canine Familiar     Summ           0%         N/A       93%         3
 Confusing Touch          Hex            0%         N/A       93%         3
 Mephitic Cloud           Conj/Pois/Air  0%         N/A       93%         3
 Ozocubu's Armour         Ice            0%         N/A       93%         3
 Sigil of Binding         Hex            0%         N/A       93%         3
 Tukima's Dance           Hex            0%         N/A       93%         3
 Dimensional Bullseye     Hex/Tloc       0%         N/A       100%        4
 Dispel Undead            Necr           0%         3d6       100%        4
 Fulminant Prism          Conj/Hex       0%         3d5       100%        4
 Iskenderun's Mystic Bla  Conj/Tloc      0%         2d3       100%        4
 Leda's Liquefaction      Hex/Erth       0%         N/A       100%        4
 Vhi's Electric Charge    Tloc/Air       0%         N/A       100%        4
 Arcjolt                  Conj/Air       0%         1d10      100%        5
 Freezing Cloud           Conj/Ice/Air   0%         6-21      100%        5
 Irradiate                Conj/Tmut      0%         3d11      100%        5
 Iskenderun's Battlesphe  Conj           0%         2d6       100%        5
 Summon Forest            Summ/Tloc      0%         N/A       100%        5
 Summon Mana Viper        Hex/Summ       0%         N/A       100%        5
 Bombard                  Conj/Erth      0%         9d1       100%        6
 Summon Cactus Giant      Summ           0%         N/A       100%        6
 Ozocubu's Refrigeration  Ice            0%         4d7       100%        7
 Spellforged Servitor     Conj/Summ      0%         N/A       100%        7
 Maxwell's Capacitive Co  Air            0%         ∞         100%        8


Dungeon Overview and Level Annotations

Branches:
Dungeon (15/15)            Temple (0/1) D:4            Lair (5/5) D:9
  Swamp (4/4) Lair:2        Snake (0/4) Lair:3        Slime (0/5) Lair:4
    Orc (2/2) D:12            Elf (0/3) Orc:2        Vaults (0/5) D:13
 Depths (0/4) D:15        Ossuary (visited)           IceCv (visited)
Gauntlet (visited)

Altars:
Ashenzari
Cheibriados
Hepliaklqana
Kikubaaqudgha
Makhleb
Okawaru
Qazlal
Ru
Sif Muna
Trog
Uskayaw
Vehumet
Wu Jian
Zin
The Shining One
Jiyva

Shops:
D:1 [   D:4 =!   D:6 [   D:7 =   D:8 (   D:12 :   D:14 [   D:15 *   Orc:2 ([?:

Portals:
Trove: D:14 (give 12 potions of heal wounds)

Annotations:
D:6 exclusions: 10 plants and 40 more exclusions
D:8 1 runed translucent door, Tinttamiau's ghost, novice TrCK
D:9 3 runed translucent doors, voshxx's ghost, novice GrEE
Lair:4 exclusion: oklob plant


Innate Abilities, Weirdness & Mutations

You are completely covered in rugged brown scales. (AC +3, +7% HP)
Armour fits poorly on your strangely shaped body.
You have a long armoured tail.
You roll when moving toward enemies. (Rampage)
Your long tongue fully drains potion bottles. (2x potion effects)
Your tongue gives you trouble enunciating. (1.5x scroll delay)
Your spells are a little easier to cast, but a little less powerful.


Message History

The golden flame engulfs the death drake!!
The death drake is almost dead.
The golden flame engulfs the eleionoma!
The eleionoma is lightly wounded.
You are engulfed in dark miasma.
You are poisoned.
* * * LOW HITPOINT WARNING * * *
You feel very sick.
You hear a shout!
The death drake bites you but does no damage.
The death drake barely misses you.
Unknown command.
Activating: Cleansing Flame (1% risk of failure)
Press: ? - help, Dir - look around, f - activate Look: a death drake (almost dead, catching its breath, haloed)
The golden flame engulfs you but does no damage.
You resist.
The golden flame engulfs the death drake!
The death drake is almost dead.
The golden flame engulfs the eleionoma!!
The eleionoma is heavily wounded.
You are engulfed in dark miasma.
* * * LOW HITPOINT WARNING * * *
You feel very sick. You block the death drake's attack.
The eleionoma hurls a spray of splinters at you.
The spray of wooden splinters hits you but does no damage.
You block the death drake's attack.
Unknown command.
Activating: Cleansing Flame (1% risk of failure)
Press: ? - help, Dir - look around, f - activate Look: a death drake (almost dead, haloed)
The golden flame engulfs you but does no damage.
The golden flame engulfs the death drake!
You kill the death drake!
The golden flame engulfs the eleionoma.
The eleionoma is heavily wounded.
You are engulfed in dark miasma.
* * * LOW HITPOINT WARNING * * *
You die...

♣ ♣♣ .♣♣♣ ♣~~
~~♣♣♣ ♣.~.
~.~.♣
♣~~.♣♣♣♣♣~~.♣
♣ ~~...R..~.♣
♣.~ ♣§..).♣♣
♣~~♣§.@~~.♣♣
♣♣♣~~(...~<~♣
♣§.......~~.♣
.~.~~~.~♣.~.♣
.~~~~~.♣♣♣..♣
~...~~. ~..♣
.....~~ ..♣♣
....~.. ..~
..♣♣♣♣♣ ...~


You could see an eleionoma.

Vanquished Creatures
  Nikola (Swamp:2)
  Rupert (D:12)
  Jorgrun (D:13)
  Mlioglotl (Swamp:1)
  Gastronok (Lair:3)
  A fenstrider witch (Swamp:3)
  An orc warlord (Orc:2)
  A stone giant (D:15)
  6 bunyips
  An eleionoma (Swamp:2)
  An ettin (Orc:1)
  Josephine (D:15)
  A vault guard (D:14)
  An ice dragon (IceCv)
  Erolcha (D:13)
  2 centaur warriors
  10 alligators
  9 hydras
  Fannar (Lair:3)
  A ghost crab (Swamp:2)
  2 catoblepae
  2 dancing weapons (D:13)
  4 boulder beetles
  7 two-headed ogres
  3 tengu warriors (D:13)
  Urug (Lair:2)
  2 orc high priests (Orc:2)
  A skyshark (Lair:1)
  Amaemon (Lair:3)
  6 goliath frogs
  A death drake (Swamp:4)
  6 skeletal warriors
  A swamp dragon (Swamp:3)
  A bog body (Swamp:1)
  4 spriggan druids
  An obsidian statue (Gauntlet)
  4 orc knights
  2 arcanists
  Pikel (D:5)
  6 deep elf pyromancers
  4 steelbarb worms (Swamp:3)
  7 cyclopes
  2 orc sorcerers
  A manticore (D:11)
  2 will-o-the-wisps
  2 elephants
  5 ugly things
  2 ice statues (IceCv)
  A black mamba (shapeshifter) (D:15)
  2 black mambas (Lair:3)
  An eye of devastation (Gauntlet)
  7 cane toads
  An orange demon (Lair:3)
  A gargoyle (D:12)
  Maggie (D:8)
  4 rime drakes (IceCv)
  A kobold demonologist (D:10)
  An unseen horror (D:12)
  7 komodo dragons
  A komodo dragon (shapeshifter) (D:15)
  A freezing wraith (D:11)
  An efreet (D:11)
  3 polar bears (Lair:5)
  A tengu conjurer (D:13)
  6 meliai
  11 hornets
  10 trolls
  6 tyrant leeches
  7 dream sheep
  20 blink frogs
  3 shadows
  15 slime creatures
  21 spriggans
  A centaur simulacrum (D:15)
  7 wraiths
  A wyvern (Lair:1)
  44 yaks
  A hog (shapeshifter) (D:12)
  2 basilisks
  A golden eye (Gauntlet)
  A neqoxec (Gauntlet)
  2 steam dragons (D:5)
  3 chaos spawn (Gauntlet)
  7 vampire mosquitoes
  6 swamp worms
  An acid dragon (D:13)
  3 wargs
  Duvessa (D:6)
  16 water moccasins
  34 orc warriors
  2 sky beasts
  An ice beast (D:7)
  2 swamp drakes
  An ogre (D:12)
  7 black bears
  26 wolves
  7 centaurs
  4 boggarts (Lair:5)
  2 phantoms
  2 kobold brigands
  9 bullfrogs
  A scorpion (D:9)
  A gnoll sergeant (D:5)
  A small abomination (D:9)
  5 wights (D:7)
  Dowan (D:6)
  3 killer bees (D:7)
  3 lindwurm simulacra (IceCv)
  2 vampire bats (Lair:1)
  3 electric eels (Lair:2)
  10 howler monkeys
  7 komodo dragon simulacra (IceCv)
  2 hounds
  3 jellies
  20 orc priests
  2 gnoll boudas
  Ijyb (D:5)
  22 orc wizards
  4 iguanas
  5 scorpion zombies (D:6)
  8 mummies (Ossuary)
  3 howler monkey skeletons (D:6)
  6 acid dragon simulacra (IceCv)
  12 adders
  15 gnolls
  2 white imps
  8 ufetubi
  5 steam dragon simulacra (IceCv)
  2 worms (D:3)
  3 dart slugs
  98 orcs
  5 ball pythons
  12 bats
  7 endoplasms
  3 giant cockroaches
  10 goblins
  10 hobgoblins
  3 jackals (D:2)
  16 kobolds
  2 quokkas
  13 frilled lizards
  2 gnoll zombies (Ossuary)
  3 hobgoblin zombies (Ossuary)
  A kobold zombie (Ossuary)
  2 orc zombies (Ossuary)
  3 rats
801 creatures vanquished.

Vanquished Creatures (collateral kills)
  Agnes (D:13)
  An eleionoma (Swamp:3)
  A minotaur (Gauntlet)
  A spriggan druid (Swamp:3)
  2 steelbarb worms (Swamp:3)
  5 large abominations (D:9)
  A minotaur zombie (Gauntlet)
  3 tyrant leeches (Swamp:3)
  A hornet (Swamp:3)
  A spriggan (Swamp:3)
  2 vampire mosquitoes (Swamp:3)
  2 swamp worms (Swamp:3)
  6 small abominations (D:9)
27 creatures vanquished.

Vanquished Creatures (others)
  A bloated husk (Swamp:2)
  A swamp worm (Swamp:2)
  2 killer bees (D:7)
  7 foxfires
  2 starspawn tentacles (Swamp:2)
13 creatures vanquished.

Grand Total: 841 creatures vanquished

Notes
Turn   | Place    | Note
-------+----------+-------------------------------------------
     0 | D:1      | Gladio the Armataur Fighter began the quest for the Orb.
     0 | D:1      | Reached XP level 1. HP: 19/19 MP: 1/1
   145 | D:1      | Reached skill level 2 in Maces & Flails
   240 | D:1      | Reached XP level 2. HP: 23/26 MP: 2/2
   501 | D:1      | Found Ciji Ych's Armour Emporium.
   795 | D:2      | Reached XP level 3. HP: 26/32 MP: 3/3
  1341 | D:2      | Reached XP level 4. HP: 40/40 MP: 4/4
  1728 | D:3      | Reached skill level 3 in Maces & Flails
  1846 | D:3      | Found a glowing golden altar of the Shining One.
  1978 | D:3      | Became a worshipper of the Shining One
  2213 | D:3      | Reached XP level 5. HP: 36/48 MP: 5/5
  2353 | D:3      | Found a shimmering blue altar of Sif Muna.
  3106 | D:4      | Reached XP level 6. HP: 20/54 MP: 6/6
  3254 | D:4      | Found a snail-covered altar of Cheibriados.
  3355 | D:4      | Found a staircase to the Ecumenical Temple.
  3559 | D:4      | Reached skill level 4 in Maces & Flails
  3559 | D:4      | Reached skill level 5 in Armour
  3633 | D:4      | Found a broken altar of Ashenzari.
  3706 | D:4      | Found Utikleva's Jewellery Emporium.
  3876 | D:4      | Found Pemise's Distillery.
  3879 | D:4      | Bought a potion of might for 48 gold pieces
  3879 | D:4      | Bought a potion of might for 48 gold pieces
  3879 | D:4      | Bought a potion of heal wounds for 60 gold pieces
  3925 | D:5      | Entered Level 5 of the Dungeon
  4268 | D:5      | Noticed Pikel
  4269 | D:5      | Paralysed by Pikel for 2 turns
  4286 | D:5      | Paralysed by Pikel for 5 turns
  4296 | D:5      | Killed Pikel
  4297 | D:5      | Reached skill level 5 in Maces & Flails
  4297 | D:5      | Reached skill level 5 in Shields
  4297 | D:5      | Reached XP level 7. HP: 24/64 MP: 7/7
  4535 | D:5      | Reached XP level 8. HP: 69/71 MP: 8/8
  4775 | D:5      | Found a sacrificial altar of Ru.
  4892 | D:5      | Reached * piety under the Shining One
  4965 | D:5      | Reached skill level 6 in Maces & Flails
  4977 | D:5      | Noticed Ijyb
  4988 | D:5      | Killed Ijyb
  5221 | D:5      | Reached skill level 5 in Fighting
  5225 | D:5      | Reached skill level 1 in Invocations
  5465 | D:6      | Found Muhud's Antique Armour Boutique.
  5502 | D:6      | Found a sand-covered staircase.
  5520 | Ossuary  | Entered an ossuary
  5532 | Ossuary  | Reached ** piety under the Shining One
  6060 | D:6      | Reached *** piety under the Shining One
  6204 | D:6      | Found an ancient bone altar of Kikubaaqudgha.
  6253 | D:6      | Found a radiant altar of Vehumet.
  6253 | D:6      | Found an ornate altar of the Wu Jian Council.
  6255 | D:6      | Found a stormy altar of Qazlal.
  6255 | D:6      | Noticed Duvessa
  6268 | D:6      | Killed Duvessa
  6269 | D:6      | Reached XP level 9. HP: 68/79 MP: 10/10
  6273 | D:6      | Noticed Dowan
  6277 | D:6      | Reached skill level 7 in Maces & Flails
  6290 | D:6      | Killed Dowan
  6896 | D:7      | Found a hide-covered altar of Uskayaw.
  6898 | D:7      | Noticed a troll
  6910 | D:7      | Killed a troll
  6977 | D:7      | Found Ettat's Jewellery Boutique.
  7406 | D:7      | Noticed a two-headed ogre
  7415 | D:7      | Killed a two-headed ogre
  7416 | D:7      | Reached skill level 8 in Maces & Flails
  7566 | D:7      | Identified the +4 sling "Liosilu" {flame, rElec rN+ rCorr
                  | Stlth+}
  7745 | D:7      | Reached **** piety under the Shining One
  7770 | D:7      | Found a glowing silver altar of Zin.
  7770 | D:7      | Found a burning altar of Makhleb.
  7774 | D:7      | Noticed a green death
  7774 | D:7      | Noticed an angel
  8032 | D:8      | Found Jeh Xebbo's Antique Weapon Boutique.
  8109 | D:8      | Found a bloodstained altar of Trog.
  8109 | D:8      | Noticed Maggie
  8117 | D:8      | Killed Maggie
  8118 | D:8      | Reached XP level 10. HP: 43/88 MP: 11/13
  8249 | D:8      | Found a hazy altar of Hepliaklqana.
  8374 | D:8      | Found a runed translucent door.
  8374 | D:8      | Noticed a manticore
  8377 | D:8      | Noticed Tinttamiau's ghost (novice TrCK)
  8627 | D:8      | Found an iron altar of Okawaru.
  9192 | D:9      | Noticed a two-headed ogre
  9204 | D:9      | Killed a two-headed ogre
  9232 | D:9      | Noticed an elephant
  9247 | D:9      | Noticed a two-headed ogre
  9257 | D:9      | Killed an elephant
  9258 | D:9      | Reached skill level 9 in Maces & Flails
  9265 | D:9      | Killed a two-headed ogre
  9266 | D:9      | Reached skill level 5 in Invocations
  9390 | D:9      | Noticed a two-headed ogre
  9401 | D:9      | Killed a two-headed ogre
  9410 | D:9      | Reached XP level 11. HP: 67/98 MP: 15/15
  9526 | D:9      | Found a staircase to the Lair.
  9698 | D:9      | Noticed an arcanist
  9705 | D:9      | Killed an arcanist
  9721 | D:9      | Noticed a large abomination
  9721 | D:9      | Noticed a large abomination
  9721 | D:9      | Reached ***** piety under the Shining One
  9721 | D:9      | Noticed a large abomination
  9738 | D:9      | Killed a large abomination
  9746 | D:9      | Killed a large abomination
  9767 | D:9      | Noticed a large abomination
  9780 | D:9      | Killed a large abomination
  9781 | D:9      | Reached skill level 10 in Maces & Flails
  9813 | D:9      | Killed a large abomination
 10188 | D:9      | Found a runed translucent gate.
 10188 | D:9      | Found a runed translucent gate.
 10188 | D:9      | Found a runed translucent gate.
 10189 | D:9      | Found a viscous altar of Jiyva.
 10189 | D:9      | Noticed voshxx's ghost (novice GrEE)
 10309 | D:10     | Entered Level 10 of the Dungeon
 10329 | D:10     | Reached skill level 10 in Armour
 10418 | D:10     | Noticed a two-headed ogre
 10431 | D:10     | Killed a two-headed ogre
 10786 | D:10     | Noticed a soul eater
 11224 | D:6      | Bought a pair of embroidered gloves for 225 gold pieces
 11332 | Lair:1   | Entered Level 1 of the Lair of Beasts
 12135 | Lair:1   | Reached skill level 11 in Maces & Flails
 12135 | Lair:1   | Reached XP level 12. HP: 58/108 MP: 17/17
 12439 | Lair:1   | Identified the +4 scale mail of Baldness {Will+}
 13015 | Lair:2   | Found a staircase to the Swamp.
 13284 | Lair:2   | Reached skill level 10 in Shields
 14099 | Lair:3   | Noticed Urug
 14101 | Lair:3   | Noticed Fannar
 14201 | Lair:2   | Killed Urug
 14293 | Lair:3   | Killed Fannar
 14486 | Lair:3   | Reached skill level 12 in Maces & Flails
 14583 | Lair:3   | Found a staircase to the Snake Pit.
 14709 | Lair:3   | Noticed Amaemon
 14723 | Lair:3   | Killed Amaemon
 14727 | Lair:3   | Noticed Gastronok
 14855 | Lair:3   | Noticed a catoblepas
 14866 | Lair:3   | Killed a catoblepas
 15259 | Lair:3   | Killed Gastronok
 15260 | Lair:3   | Reached XP level 13. HP: 72/118 MP: 19/19
 15851 | Lair:4   | Found a frozen archway.
 15855 | IceCv    | Entered an ice cave
 16492 | IceCv    | Reached ****** piety under the Shining One
 18011 | Lair:4   | Found a viscous altar of Jiyva.
 18013 | Lair:4   | Found a staircase to the Slime Pits.
 18350 | Lair:5   | Entered Level 5 of the Lair of Beasts
 18749 | Lair:5   | Reached skill level 13 in Maces & Flails
 18870 | Lair:5   | HP: 5/119 [komodo dragon (23)]
 19394 | D:4      | Bought a potion of curing for 36 gold pieces
 19394 | D:4      | Bought a potion of might for 48 gold pieces
 19394 | D:4      | Bought 2 potions of haste for 240 gold pieces
 19394 | D:4      | Bought a potion of heal wounds for 60 gold pieces
 20039 | Lair:5   | Paralysed by a hornet for 1 turns
 20217 | Lair:5   | Reached skill level 10 in Fighting
 20543 | Lair:5   | Reached XP level 14. HP: 129/129 MP: 20/20
 20557 | Lair:5   | Paralysed by a hornet for 2 turns
 21268 | Lair:5   | Upgraded the game from 0.31-a0-968-g24f9ace8b5 to
                  | 0.31-a0-971-g75a2e9a4b4
 22872 | D:12     | Found a gate leading to a gauntlet.
 22899 | Gauntlet | Entered a Gauntlet
 22899 | Gauntlet | Found a transporter.
 22899 | Gauntlet | Found a transporter.
 22901 | Gauntlet | Found a transporter.
 22906 | Gauntlet | Found a transporter.
 22906 | Gauntlet | Found a transporter.
 22920 | Gauntlet | Found a transporter.
 22933 | Gauntlet | Found a transporter.
 22936 | Gauntlet | Found a transporter.
 22944 | Gauntlet | Found a transporter.
 22961 | Gauntlet | Found a transporter.
 22976 | Gauntlet | Found a transporter.
 22980 | Gauntlet | Found a transporter.
 22982 | Gauntlet | Found a runed translucent door.
 22984 | Gauntlet | Found a runed translucent door.
 23131 | Gauntlet | Reached skill level 14 in Maces & Flails
 23136 | Gauntlet | Identified the amulet of Music {RegenMP rPois Int+5}
 23173 | Gauntlet | Identified the ring of Keovuu {rPois rCorr Str-5 Int+6}
 23197 | Gauntlet | Identified the ring of Kaittuuc {+Blink Fly AC+4 Str-5
                  | Int+2}
 23575 | D:12     | Found a staircase to the Orcish Mines.
 23790 | D:12     | Found Beedghaf's Tiny Tomes.
 23884 | D:13     | Noticed Erolcha
 23884 | D:13     | Noticed Rupert
 23900 | D:12     | Killed Rupert
 24085 | D:13     | Killed Erolcha
 24184 | D:13     | Found a gate to the Vaults.
 24539 | D:13     | Reached skill level 10 in Invocations
 24799 | D:13     | Noticed Jorgrun
 24812 | D:13     | Killed Jorgrun
 25522 | D:14     | Noticed Agnes
 25584 | D:13     | HP: 2/130 [Agnes/+0 lajatang (30)]
 25585 | D:13     | Killed Agnes
 26273 | D:13     | Reached XP level 15. HP: 119/136 MP: 22/22
 26489 | D:14     | Found a portal to a secret trove of treasure.
 26688 | D:14     | Found Fyntyics's Antique Armour Shoppe.
 26696 | D:14     | Bought a glowing cloak for 202 gold pieces
 26696 | D:14     | Bought a pair of glowing gloves for 202 gold pieces
 26869 | D:15     | Entered Level 15 of the Dungeon
 26995 | D:15     | Noticed Josephine
 26998 | D:15     | Killed Josephine
 27015 | D:15     | Reached skill level 15 in Maces & Flails
 27998 | D:15     | Found a staircase to the Depths.
 28356 | D:15     | Found Wian's Demolitions Depot.
 28624 | Orc:1    | Entered Level 1 of the Orcish Mines
 28799 | Orc:1    | Gained mutation: Your spells are a little easier to cast,
                  | but a little less powerful. [a neqoxec]
 29277 | Orc:2    | Entered Level 2 of the Orcish Mines
 29277 | Orc:2    | Found a staircase to the Elven Halls.
 30050 | Orc:2    | Found Zupp's Magic Scroll Shoppe.
 30056 | Orc:2    | Bought a scroll of enchant weapon for 112 gold pieces
 30056 | Orc:2    | Bought a scroll of teleportation for 45 gold pieces
 30056 | Orc:2    | Bought a scroll of fog for 60 gold pieces
 30056 | Orc:2    | Bought a scroll of enchant weapon for 112 gold pieces
 30056 | Orc:2    | Bought a scroll of revelation for 112 gold pieces
 30056 | Orc:2    | Bought a scroll of fog for 60 gold pieces
 30100 | Orc:2    | Found Gehem's Antique Weapon Shop.
 30102 | Orc:2    | Found Caopong's Antique Armour Boutique.
 30222 | Orc:2    | Found Xuzeach's Book Shop.
 30417 | Orc:2    | Bought a shiny chain mail for 262 gold pieces
 30511 | D:14     | Bought a shiny chain mail for 202 gold pieces
 30871 | Swamp:1  | Entered Level 1 of the Swamp
 32059 | Swamp:1  | Reached skill level 15 in Armour
 32678 | Swamp:2  | Noticed Nikola
 32821 | Swamp:2  | Killed Nikola
 32822 | Swamp:2  | Reached skill level 16 in Maces & Flails
 32822 | Swamp:2  | Reached XP level 16. HP: 62/148 MP: 24/24
 33070 | Swamp:2  | Noticed Mlioglotl
 33079 | Swamp:2  | Noticed a tentacled starspawn
 33262 | Swamp:1  | Killed Mlioglotl
 33901 | Swamp:2  | Identified a scroll of acquirement
 33902 | Swamp:2  | Acquired a +1 barding of cold resistance
 35298 | Swamp:4  | Entered Level 4 of the Swamp
 35314 | Swamp:4  | HP: 2/148 [something (16)]
 35314 | Swamp:4  | Succumbed to a death drake's dark miasma

Illustrated notes

Levels and vault maps discovered:
D:1:      pf_arrival_petrified_forest, layout_loops_ring, serial_shops, shop
D:2:      minmay_skewed_foursquare, layout_basic, wad_floor_pattern_2
D:3:      layout_loops_ring, lemuel_coloured_pillars_altar,
          mainiacjoe_overflow_alcove_4, grunt_ministairs_14,
          chequers_decorated_corner
D:4:      layout_rooms, lemuel_doored_altar, nicolae_ashenzari_panopticon,
          minmay_temple_entry_purple_smoke, serial_shops,
          nicolae_shop_real_fake_doors, nicolae_shop_peninsula, chequers_avenue
D:5:      kennysheep_steamy, layout_basic, overflow_temple_1_default,
          uniq_pikel, uniq_ijyb
D:6:      layout_loops_ring, kiku_gazebo_pond_becter,
          chequers_temple_overflow_statue_of_worship,
          mainiacjoe_ossuary_entry_find_the_door, serial_shops, shop,
          minmay_misc_feat_diagonals, chequers_big_river, lightli_orcish_oven,
          uniq_duvessa
D:7:      layout_basic, grunt_temple_overflow_order_and_chaos_2,
          mainiacjoe_overflow_brackets, enter_bailey_3,
          nicolae_inconvenience_store, dk_noncrumbling_4, lemuel_flame_loot_1
D:8:      layout_loops_corners, mainiacjoe_overflow_catwalk,
          grunt_temple_overflow_open, serial_shops, nicolae_shop_statue_plus,
          ebering_ghost_inner_flame, uniq_maggie
D:9:      layout_roguey, grunt_lair_entry_orc_guard_hut, gammafunk_ghost_ooze,
          laboratory
D:10:     layout_small_grid, kennysheep_potato
D:11:     layout_roguey, lightli_fourway_metalbox
D:12:     layout_cave_pools, david_orc_4, gauntlet_entry_generic,
          nicolae_shop_i_like_small_books_too
D:13:     layout_loops_ring, erik_vaults_1, minmay_lizard_king, uniq_jorgrun,
          uniq_erolcha, uniq_rupert
D:14:     layout_rooms, enter_trove_5, serial_shops,
          nicolae_shop_overgrown_old_shop, grunt_ministairs_4, uniq_agnes
D:15:     grunt_enter_depths_giant_problem, layout_cave_pools,
          minmay_fountain_box, nicolae_blasting_shop, uniq_josephine
Lair:1:   layout_layer_cave, roderic_batcave, nicolae_quartered_pool_super,
          serial_bayou_pond_d, nicolae_lair_lil_pond
Lair:2:   layout_misc_corridors, minmay_swamp_entry_eels
Lair:3:   layout_regular_city, minmay_snake_entry_six_corridors, minivault_19,
          serial_bayou_shore_b, uniq_urug, uniq_fannar, uniq_amaemon,
          uniq_gastronok
Lair:4:   layout_regular_city, minmay_slime_entry_oklob_enclosed,
          portal_ice_cave_entry_pillars_1
Lair:5:   minmay_lair_end_enchanted_forest, layout_long_grid,
          chequers_serial_rivers_room_b, st_stairs_5, infiniplex_staircase_pool
Swamp:1:  layout_basic_swamp, evilmike_swamp_ruin_house_6
Swamp:2:  layout_basic_swamp, evilmike_swamp_ruin_house_2, swamp_pool5,
          nicolae_swamp_frolicking_bunyips, uniq_mlioglotl, uniq_nikola
Swamp:3:  layout_basic_swamp, evilmike_swamp_ruin_house_5, swamp_pool1,
          nicolae_swamp_vermiculated
Swamp:4:  swamp, layout_basic_swamp, swamp_pool4
Orc:1:    layout_caves
Orc:2:    grunt_orc_community_town_hall, layout_caves,
          grunt_orc_community_big_house_2, grunt_orc_community_big_house_2,
          grunt_orc_community_house_1, grunt_orc_community_house_1,
          grunt_orc_community_house_3, grunt_orc_community_house_1,
          grunt_orc_community_house_1, basic_altar, minmay_orc_temple_a

Skill      XL: |  1  2  3  4  5  6  7  8  9 10 11 12 13 14 15 16 |
---------------+-------------------------------------------------+-----
Maces & Flails | 2 3 5 6 8 9 11 12 13 14 16 | 16.5
Fighting       | 3 4 5 6 7 8 9 10 11 12 | 12.2
Armour         | 4 5 6 7 8 9 10 11 12 14 15 | 15.6
Shields        | 4 5 6 7 8 9 10 11 12 13 14 | 14.0
Invocations    | 2 4 5 6 8 9 10 11 | 11.7

Action                     |  1- 3 |  4- 6 |  7- 9 | 10-12 | 13-15 | 16-18 || total
---------------------------+-------+-------+-------+-------+-------+-------++-------
  Melee: Flail             |   126 |   217 |    42 |   249 |       |       ||   634
         Tailslap          |    14 |    23 |    58 |    87 |   203 |    34 ||   419
         Whip              |       |       |   260 |       |       |       ||   260
         Morningstar       |       |       |       |   116 |       |       ||   116
         Eveningstar       |       |       |       |    85 |  1171 |   150 ||  1406
  Throw: Dart              |       |       |       |     3 |       |       ||     3
         Throwing net      |       |       |       |       |     3 |       ||     3
 Invoke: Cleansing Flame   |       |       |       |     2 |     7 |     7 ||    16
         Summon Divine War |       |       |       |     1 |     2 |     1 ||     4
         Divine Shield     |       |       |       |       |     1 |     1 ||     2
  Evoke: Wand              |       |       |       |     2 |     9 |     1 ||    12
    Use: Scroll            |     3 |     1 |     8 |    13 |    22 |     3 ||    50
         Potion            |       |     2 |     2 |     5 |     9 |     3 ||    21
 Armour: Scale mail        |    18 |       |       |   275 |   998 |   142 ||  1433
         Chain mail        |   114 |   231 |       |       |       |       ||   345
         Plate armour      |       |    63 |   220 |    95 |       |       ||   378
  Dodge: Dodged            |    54 |    85 |    52 |   118 |   270 |    24 ||   603
  Block: Buckler           |    29 |    69 |    11 |       |       |       ||   109
         Kite shield       |       |       |    94 |   244 |   745 |       ||  1083
         Reflection        |       |       |       |       |    22 |       ||    22
         Tower shield      |       |       |       |       |    98 |   119 ||   217

Table legend: (Time is in decaauts)
 A = Elapsed time spent in this place.
 B = Non-inter-level travel time spent in this place.
 C = Inter-level travel time spent in this place.
 D = Time resting spent in this place.
 E = Time spent auto-exploring this place.
 F = Levels seen in this place.
 G = Mean time per level.
                   A        B        C        D        E       F      G
               +--------+--------+--------+--------+--------+-----+--------+
         Total |  35232 |  31572 |   3660 |   3193 |  22920 |  29 | 1214.9 |
       Dungeon |  18428 |  16237 |   2191 |   1113 |  12510 |  15 | 1228.5 |
          Lair |   9570 |   8499 |   1071 |    842 |   6360 |   5 | 1914.0 |
         Swamp |   3809 |   3568 |    241 |   1138 |   1838 |   4 |  952.2 |
  Orcish Mines |   1517 |   1361 |    156 |     95 |    947 |   2 |  758.5 |
       Ossuary |    304 |    304 |      0 |      0 |    222 |   1 |  304.0 |
      Ice Cave |   1184 |   1184 |      0 |      0 |    904 |   1 | 1184.0 |
      Gauntlet |    417 |    417 |      0 |      5 |    139 |   1 |  417.0 |
               +--------+--------+--------+--------+--------+-----+--------+

Top non-repeatable levels by time:
  Lair:2: 2441 daAuts
    D:13: 2251 daAuts
  Lair:3: 2066 daAuts
  Lair:5: 1859 daAuts
  Lair:1: 1686 daAuts
     D:3: 1533 daAuts
  Lair:4: 1516 daAuts
 Swamp:1: 1498 daAuts
     D:5: 1456 daAuts
     D:9: 1456 daAuts
 Swamp:2: 1384 daAuts
    D:12: 1319 daAuts
     D:7: 1244 daAuts
   IceCv: 1184 daAuts
    D:15: 1164 daAuts
